Map: Catalyst LE

Players

ShoWTimE - Winner!

  • Race: Protoss Protoss
  • Spawn Location: 5:00

Strider

  • Race: Terran Terran
  • Spawn Location: 11:00

Event: WCS Austin 2018

VOD

Have the link to the VOD?

Description

Time

  • Played on: June 1, 2018, 2:24 p.m.
  • Length: 8:23

All games in this series

Show
View Real Time Build Order
Export as new Build Order

ShoWTimE Protoss - Winner!

Build Orders: 1 Gate Expand, Double Forge, Blink Stalkers 

Get SALT Encoding   

  12  0:00  Probe  
  13  0:12  Probe  
  14  0:17  Pylon  
  14  0:24  Probe  
  15  0:32  Probe  
  15  0:38  Gateway  
  15  0:40  Probe  
  16  0:46  Assimilator  
  17  0:51  Probe  
  18  1:03  Probe  
  19  1:15  Probe  
  20  1:24  Nexus  
  20  1:33  Cybernetics Core  
  20  1:36  Probe  
  21  1:41  Assimilator  
  21  1:48  Probe  
  21  1:52  Pylon  
  22  2:01  Adept, Probe  
  23  2:10  Warp Gate  
  23  2:13  Probe  
  26  2:18  Twilight Council  
  26  2:19  Stalker  
  26  2:25  Probe  
  29  2:33  Probe  
  30  2:37  Probe  
  30  2:38  Blink  
  30  2:41  Probe  
  31  2:49  Probe  
  33  2:51  Probe  
  34  3:01  Probe  
  34  3:03  Probe  
  36  3:06  Stalker  
  38  3:13  Probe  
  39  3:23  Probe  
  39  3:25  Gateway, Probe  
  39  3:26  Gateway  
  41  3:34  Robotics Facility  
  41  3:35  Probe  
  41  3:37  Probe  
  41  3:40  Pylon  
  43  3:47  Probe  
  44  3:57  Nexus  
  44  4:01  Pylon  
  44  4:03  Probe  
  44  4:04  Probe  
  44  4:07  Assimilator  
  46  4:13  Stalker  
  48  4:17  Probe x2  
  48  4:22  Observer  
  48  4:24  Stalker x2  
  55  4:26  Pylon  
  55  4:29  Probe  
  55  4:30  Probe  
  57  4:38  Stalker  
  59  4:41  Probe  
  59  4:42  Probe  
  59  4:44  Observer  
  62  4:49  Forge x2  
  62  4:55  Probe x2  
  64  5:02  Stalker x2  
  64  5:03  Stalker  
  64  5:04  Immortal  
  64  5:06  Pylon  
  70  5:20  Gateway  
  74  5:25  Sentry  
  74  5:26  Sentry  
  78  5:32  Gateway  
  78  5:33  Gateway  
  78  5:36  Protoss Ground Weapons Level 1  
  78  5:41  Gateway, Shield Battery  
  78  5:43  Gateway  
  78  5:44  Sentry  
  78  5:47  Charge  
  80  5:50  Probe  
  80  5:51  Probe x2  
  80  5:53  Pylon  
  80  5:55  Zealot x2  
  87  5:58  Protoss Ground Armor Level 1  
  87  6:02  Pylon  
  87  6:07  Probe x3  
  90  6:17  Zealot x3  
  96  6:21  Probe x2, Pylon  
  96  6:23  Probe  
  99  6:30  Stalker x2  
  103  6:33  Probe  
  103  6:34  Shield Battery  
  103  6:36  Stalker  
  105  6:49  Pylon  
  105  6:56  Stalker x3  
  105  6:57  Zealot x4  
  105  6:59  Pylon  
  117  7:01  Pylon  
  117  7:08  Observer  
  118  7:16  Probe x2, Pylon  
  118  7:17  Probe  
  118  7:19  Zealot x3, Pylon  
  118  7:20  Zealot x2  
  131  7:28  Probe  
  131  7:29  Probe x2  
  134  7:30  Assimilator, Pylon  
  134  7:32  Warp Prism  
  134  7:35  Assimilator  
  134  7:37  Pylon  
  134  7:41  Probe  
  137  7:49  Zealot x6  
  149  8:09  Templar Archives  
  149  8:10  Pylon  
Show
View Real Time Build Order
Export as new Build Order

Strider Terran 

Build Orders: Reaper Expand, MMM Bio 

Get SALT Encoding   

  12  0:01  SCV  
  13  0:13  SCV  
  14  0:17  Supply Depot  
  14  0:25  SCV  
  15  0:39  SCV  
  15  0:41  Barracks  
  16  0:45  Refinery  
  16  0:51  SCV  
  17  1:03  SCV  
  18  1:15  SCV  
  19  1:33  Orbital Command  
  19  1:35  Reaper  
  20  1:49  Command Center  
  20  2:01  Barracks  
  20  2:05  SCV  
  21  2:10  Barracks Reactor  
  21  2:13  Supply Depot  
  21  2:17  SCV  
  22  2:24  Barracks  
  23  2:30  SCV  
  22  2:49  Barracks Tech Lab  
  22  2:50  Marine x2  
  22  2:51  SCV  
  25  3:02  Orbital Command  
  25  3:03  SCV  
  26  3:06  Bunker  
  26  3:12  Stimpack  
  25  3:14  Marauder  
  27  3:20  Marine  
  27  3:21  Marine x2  
  30  3:28  SCV  
  30  3:35  Marauder  
  30  3:38  Marine x2  
  30  3:41  Barracks Tech Lab  
  34  3:42  SCV x2  
  34  3:46  Supply Depot  
  36  3:54  SCV  
  37  3:56  Marauder  
  37  3:59  Marine x2  
  37  4:00  Marine, Bunker  
  42  4:03  SCV  
  42  4:05  Combat Shields  
  43  4:12  SCV  
  43  4:15  SCV  
  45  4:25  Marauder x2, Marine  
  45  4:26  Marine, SCV  
  45  4:31  Supply Depot  
  52  4:36  SCV  
  53  4:38  SCV  
  54  4:46  Supply Depot  
  54  4:52  Marine x2, SCV x2  
  62  4:53  Marauder x2  
  62  4:57  Supply Depot  
  62  5:11  SCV x2  
  62  5:13  Concussive Shells, Marine x2  
  67  5:14  Marauder  
  66  5:27  Marauder  
  66  5:28  SCV x2  
  68  5:42  Marauder, Marine x2  
  70  5:43  Command Center, SCV x2  
  70  5:48  Engineering Bay  
  73  5:51  Refinery  
  73  5:53  Refinery  
  73  5:55  SCV  
  73  5:56  Marauder  
  76  5:57  SCV  
  77  6:06  Supply Depot x2  
  77  6:07  SCV  
  77  6:09  Marine  
  77  6:11  Marauder  
  78  6:20  Supply Depot  
  78  6:25  Factory  
  78  6:28  Marauder, Marine, SCV x2  
  83  6:35  Marauder  
  85  6:44  SCV x2  
  87  6:47  Barracks  
  87  6:49  Barracks  
  87  6:50  Marauder  
  89  6:56  Marauder, SCV  
  89  6:58  Marine x2  
  94  7:01  SCV  
  94  7:05  Orbital Command  
  95  7:10  SCV  
  95  7:14  SCV  
  97  7:17  Starport  
  97  7:18  Factory Reactor  
  97  7:20  Marauder  
  97  7:21  Marauder  
  101  7:23  Marine x2  
  103  7:32  SCV x2  
  103  7:35  SCV  
  103  7:37  Barracks Reactor, Barracks Tech Lab  
  106  7:41  Refinery  
  107  7:44  SCV x2  
  107  7:46  Marauder x2, Marine x2  
  114  7:55  SCV  
  114  7:56  SCV x2  
  117  8:03  Factory Reactor  
  115  8:10  Supply Depot  
  115  8:11  Supply Depot x2  
  117  8:13  Supply Depot  
  117  8:15  Armory, Engineering Bay, Supply Depot  
Tags
 
Add a new tag
Caveats
  • Supply blocks, unpowered buildings, or Contaminate may cause inaccurate times.
  • Supply counts are checked every 10 seconds.